A+ EAST
WILMINGTON BLUE ROCKS @ ROME BRAVES
07/28/2041
 
TOP OF THE 1ST
Wilmington Blue Rocks batting - Pitching for Rome Braves : RHP Rob Allen
Pitching: RHP Rob Allen
Batting: RHB Steve Louthian 0-0: Ball
1-0: Foul Ball, location: 9LSF
1-1: Ball
2-1: Called Strike
2-2: Strikes out looking
Batting: RHB Juan Mateo 0-0: Ball
1-0: Foul Ball, location: 9LMF
1-1: Fly out, F7 (Flyball, 7D, EV 107.5 MPH)
Batting: RHB Honório Barracho 0-0: Ground out 6-3 (Groundball, 6, EV 86.3 MPH)
Top of the 1st over - 0 runs, 0 hits, 0 errors, 0 left on base; Wilmington 0 - Rome 0
BOTTOM OF THE 1ST
Rome Braves batting - Pitching for Wilmington Blue Rocks : RHP Chris Hucknall
Pitching: RHP Chris Hucknall
Batting: RHB Víctor Morales 0-0: Ground out U3 (Groundball, 3, EV 95.6 MPH)
Batting: RHB Jorge Lugo 0-0: Called Strike
0-1: Ball
1-1: Called Strike
1-2: Ball
2-2: Ball
3-2: Foul Ball, location: 23F
3-2: Base on Balls
Batting: RHB Pete Saunders 0-0: Ball
1-0: Called Strike
1-1: Ball
2-1: Fly out, F3 (Popup, 3F, EV 75.0 MPH)
Batting: RHB Manny Arreola 0-0: Ball
1-0: Called Strike
1-1: DOUBLE (Flyball, 89D, EV 96.9 MPH)
Jorge Lugo to third
Batting: LHB Charlie Gibson 0-0: Ground out 3-1 (Groundball, 34, EV 103.8 MPH)
Bottom of the 1st over - 0 runs, 1 hit, 0 errors, 2 left on base; Wilmington 0 - Rome 0
TOP OF THE 2ND
Wilmington Blue Rocks batting - Pitching for Rome Braves : RHP Rob Allen
Batting: RHB Assunção Contreras 0-0: Foul Ball, location: 2F
0-1: Foul Ball, location: 2F
0-2: Ball
1-2: Ball
2-2: Ground out 4-3 (Groundball, 4, EV 88.1 MPH)
Batting: LHB Dave Lewis 0-0: Called Strike
0-1: Called Strike
0-2: Strikes out swinging
Batting: RHB Ron Clements 0-0: Foul Ball, location: 25F
0-1: Called Strike
0-2: Ball
1-2: Ball
2-2: Strikes out looking
Top of the 2nd over - 0 runs, 0 hits, 0 errors, 0 left on base; Wilmington 0 - Rome 0
BOTTOM OF THE 2ND
Rome Braves batting - Pitching for Wilmington Blue Rocks : RHP Chris Hucknall
Batting: SHB Tomás Cruz 0-0: Called Strike
0-1: Ball
1-1: Foul Ball, location: 2F
1-2: Foul Ball, location: 3SF
1-2: Ball
2-2: Fly out, F7 (Line Drive, 7, EV 99.4 MPH)
Batting: RHB Alfredo Paredes 0-0: Ball
1-0: Ball
2-0: Ball
3-0: Base on Balls
Batting: LHB José Sullivan 0-0: Ball
1-0: Called Strike
Alfredo Paredes steals 2nd base (no throw)
1-1: Ball
2-1: Ball
3-1: Foul Ball, location: 3F
3-2: Foul Ball, location: 25F
3-2: Foul Ball, location: 2F
3-2: SINGLE (Groundball, 4M, EV 101.9 MPH) (infield hit)
Alfredo Paredes to third
Batting: LHB Jeff Cantrell 0-0: Called Strike
José Sullivan is caught stealing 2nd base 2-6
0-1: Ball
1-1: Ball
2-1: Fly out, F8 (Flyball, 8RXD, EV 96.3 MPH)
Bottom of the 2nd over - 0 runs, 1 hit, 0 errors, 1 left on base; Wilmington 0 - Rome 0
TOP OF THE 3RD
Wilmington Blue Rocks batting - Pitching for Rome Braves : RHP Rob Allen
Batting: RHB Dan Mitchell 0-0: Ball
1-0: Swinging Strike
1-1: Called Strike
1-2: Ball
2-2: Foul Ball, location: 5FF
2-2: Foul Ball, location: 5DF
2-2: Ball
3-2: Base on Balls
Batting: RHB Noel Brennan 0-0: Bunted foul
0-1: Sac Bunt to 13 - play at second, runner OUT! 1-6
Batting: SHB Mike McNeil 0-0: Grounds into double play, 3-6-3 (Groundball, 3, EV 80.6 MPH)
Top of the 3rd over - 0 runs, 0 hits, 0 errors, 0 left on base; Wilmington 0 - Rome 0
BOTTOM OF THE 3RD
Rome Braves batting - Pitching for Wilmington Blue Rocks : RHP Chris Hucknall
Batting: RHB Víctor Morales 0-0: Ball
1-0: Foul Ball, location: 9LDF
1-1: Fly out, F7 (Flyball, 7, EV 94.4 MPH)
Batting: RHB Jorge Lugo 0-0: Ball
1-0: Ball
2-0: Ball
3-0: Called Strike
3-1: Swinging Strike
3-2: Base on Balls
Batting: RHB Pete Saunders 0-0: Ball
Jorge Lugo steals 2nd base
1-0: Swinging Strike
1-1: Foul Ball, location: 5SF
1-2: Foul Ball, location: 3SF
1-2: DOUBLE (Flyball, 89XD, EV 105.6 MPH)
Jorge Lugo scores
Batting: RHB Manny Arreola 0-0: Foul Ball, location: 9LSF
0-1: Swinging Strike
0-2: Foul Ball, location: 5FF
0-2: Ball
1-2: Ball
2-2: Foul Ball, location: 5FF
2-2: Foul Ball, location: 2F
2-2: Foul Ball, location: 2F
2-2: Ball
3-2: Fly out, F9 (Flyball, 9, EV 91.3 MPH)
Batting: LHB Charlie Gibson 0-0: Foul Ball, location: 2F
0-1: Ball
1-1: Ball
2-1: Swinging Strike
2-2: Ground out 6-3 (Groundball, 6, EV 86.3 MPH)
Bottom of the 3rd over - 1 run, 1 hit, 0 errors, 1 left on base; Wilmington 0 - Rome 1
TOP OF THE 4TH
Wilmington Blue Rocks batting - Pitching for Rome Braves : RHP Rob Allen
Batting: RHB Steve Louthian 0-0: Called Strike
0-1: Ball
1-1: Ground out U3 (Groundball, 3, EV 103.8 MPH)
Batting: RHB Juan Mateo 0-0: Foul Ball, location: 2F
0-1: Fly out, F9 (Flyball, 9, EV 94.4 MPH)
Batting: RHB Honório Barracho 0-0: Ground out 6-3 (Groundball, 56, EV 98.1 MPH)
Top of the 4th over - 0 runs, 0 hits, 0 errors, 0 left on base; Wilmington 0 - Rome 1
BOTTOM OF THE 4TH
Rome Braves batting - Pitching for Wilmington Blue Rocks : RHP Chris Hucknall
Batting: SHB Tomás Cruz 0-0: Called Strike
0-1: Ball
1-1: Ball
2-1: Called Strike
2-2: Fly out, F6 (Popup, 6, EV 65.0 MPH)
Batting: RHB Alfredo Paredes 0-0: Called Strike
0-1: Foul Ball, location: 2F
0-2: Ball
1-2: Ground out 1-3 (Groundball, 13S, EV 71.9 MPH)
Batting: LHB José Sullivan 0-0: DOUBLE (Line Drive, 9LM, EV 101.3 MPH)
Batting: LHB Jeff Cantrell 0-0: Called Strike
0-1: Foul Ball, location: 2F
0-2: Ball
1-2: Ball
2-2: Fly out, F8 (Line Drive, 8RS, EV 91.9 MPH)
Bottom of the 4th over - 0 runs, 1 hit, 0 errors, 1 left on base; Wilmington 0 - Rome 1
TOP OF THE 5TH
Wilmington Blue Rocks batting - Pitching for Rome Braves : RHP Rob Allen
Batting: RHB Assunção Contreras 0-0: Ball
1-0: Called Strike
1-1: Ground out 6-3 (Groundball, 6, EV 86.3 MPH)
Batting: LHB Dave Lewis 0-0: Ball
1-0: Foul Ball, location: 7LSF
1-1: Swinging Strike
1-2: Ball
2-2: DOUBLE (Line Drive, 9LS, EV 98.8 MPH)
Batting: RHB Ron Clements 0-0: Ball
1-0: Fly out, F9 (Flyball, 9, EV 92.5 MPH)
Batting: RHB Dan Mitchell 0-0: Called Strike
0-1: Swinging Strike
0-2: Foul Ball, location: 5F
0-2: Strikes out looking
Top of the 5th over - 0 runs, 1 hit, 0 errors, 1 left on base; Wilmington 0 - Rome 1
BOTTOM OF THE 5TH
Rome Braves batting - Pitching for Wilmington Blue Rocks : RHP Chris Hucknall
Pitching: LHP Wes Taylor
Batting: RHB Víctor Morales 0-0: Ball
1-0: Swinging Strike
1-1: Ball
2-1: Swinging Strike
2-2: Foul Ball, location: 2F
2-2: Ground out 4-3 (Groundball, 4, EV 89.4 MPH)
Pitching: RHP Monte Robinson
Batting: RHB Jorge Lugo 0-0: Called Strike
0-1: Called Strike
0-2: Ground out 5-3 (Groundball, 56, EV 101.3 MPH)
Batting: RHB Pete Saunders 0-0: Foul Ball, location: 2F
0-1: Fly out, F4 (Popup, 23, EV 88.8 MPH)
Bottom of the 5th over - 0 runs, 0 hits, 0 errors, 0 left on base; Wilmington 0 - Rome 1
TOP OF THE 6TH
Wilmington Blue Rocks batting - Pitching for Rome Braves : RHP Rob Allen
Batting: RHB Noel Brennan 0-0: Ball
1-0: Called Strike
1-1: Called Strike
1-2: Ball
2-2: Strikes out looking
Batting: SHB Mike McNeil 0-0: Ball
1-0: Ball
2-0: Swinging Strike
2-1: Swinging Strike
2-2: Strikes out swinging
Batting: RHB Steve Louthian 0-0: Ball
1-0: Ball
2-0: Ball
3-0: Called Strike
3-1: Base on Balls
Batting: RHB Juan Mateo 0-0: Ball
1-0: Ball
2-0: Called Strike
2-1: Called Strike
Steve Louthian is caught stealing 2nd base 2-4
Top of the 6th over - 0 runs, 0 hits, 0 errors, 0 left on base; Wilmington 0 - Rome 1
BOTTOM OF THE 6TH
Rome Braves batting - Pitching for Wilmington Blue Rocks : RHP Monte Robinson
Batting: RHB Manny Arreola 0-0: Ball
1-0: Ground out 6-3 (Groundball, 6, EV 84.4 MPH)
Batting: LHB Charlie Gibson 0-0: Ball
1-0: Ball
2-0: Ball
3-0: Called Strike
3-1: Base on Balls
Batting: SHB Tomás Cruz 0-0: Called Strike
0-1: Foul Ball, location: 7LSF
0-2: Ball
1-2: Foul Ball, location: 7LSFF
1-2: Ball
2-2: Ball
3-2: DOUBLE (Flyball, 8LXD, EV 101.3 MPH)
Charlie Gibson to third
Runner from 3rd tries for Home, SAFE, throw by CF to trailing runner, SAFE at third!
Batting: RHB Alfredo Paredes 0-0: SINGLE (Line Drive, 6D, EV 66.9 MPH)
Tomás Cruz scores
Batting: LHB José Sullivan 0-0: Hit by Pitch
Alfredo Paredes to second
Batting: LHB Jeff Cantrell 0-0: Ball
1-0: Foul Ball, location: 3F
1-1: Ball
2-1: Foul Ball, location: 9LDF
2-2: Ball
3-2: Base on Balls
Alfredo Paredes to third
José Sullivan to second
Batting: RHB Víctor Morales 0-0: Ball
1-0: Ball
2-0: Ball
3-0: Called Strike
3-1: Foul Ball, location: 9LDF
3-2: Hit by Pitch
Alfredo Paredes scores
José Sullivan to third
Jeff Cantrell to second
Batting: RHB Jorge Lugo 0-0: Swinging Strike
0-1: Grounds into fielders choice 1-2 (Groundball, 13, EV 68.1 MPH)
Jeff Cantrell to third
Víctor Morales to second
Batting: RHB Pete Saunders 0-0: Ball
1-0: Ball
2-0: Called Strike
2-1: Ball
3-1: Base on Balls
Jeff Cantrell scores
Víctor Morales to third
Jorge Lugo to second
Pitching: RHP Joe Durberville
Batting: RHB Manny Arreola 0-0: Called Strike
0-1: Called Strike
0-2: Ball
1-2: Ball
2-2: Foul Ball, location: 25F
2-2: Fielders Choice at 2nd, 6-4 (Groundball, 6, EV 90.6 MPH)
Bottom of the 6th over - 4 runs, 2 hits, 0 errors, 3 left on base; Wilmington 0 - Rome 5
TOP OF THE 7TH
Wilmington Blue Rocks batting - Pitching for Rome Braves : RHP Rob Allen
Batting: RHB Juan Mateo 0-0: SINGLE (Groundball, 56D, EV 95.6 MPH)
Batting: RHB Honório Barracho 0-0: Called Strike
0-1: Foul Ball, location: 2LF
0-2: Foul Ball, location: 2F
0-2: Ball
1-2: Foul Ball, location: 9LSF
1-2: Strikes out looking
Batting: RHB Assunção Contreras 0-0: Called Strike
0-1: Ball
1-1: Swinging Strike
1-2: Foul Ball, location: 9LSF
1-2: Fly out, F8 (Flyball, 8LXD, EV 105.0 MPH)
Batting: LHB Dave Lewis 0-0: Ground out U3 (Groundball, 3, EV 90.6 MPH)
Top of the 7th over - 0 runs, 1 hit, 0 errors, 1 left on base; Wilmington 0 - Rome 5
BOTTOM OF THE 7TH
Rome Braves batting - Pitching for Wilmington Blue Rocks : RHP Joe Durberville
Batting: LHB Charlie Gibson 0-0: Called Strike
0-1: Ball
1-1: Ground out U3 (Groundball, 34, EV 100.0 MPH)
Batting: SHB Tomás Cruz 0-0: Swinging Strike
0-1: Called Strike
0-2: Ball
1-2: Ball
2-2: Strikes out looking
Batting: RHB Alfredo Paredes 0-0: Ball
1-0: Foul Ball, location: 5F
1-1: SINGLE (Line Drive, 8RS, EV 111.3 MPH)
Batting: LHB José Sullivan 0-0: Called Strike
0-1: Foul Ball, location: 7LMF
0-2: Ball
1-2: Ball
Alfredo Paredes is caught stealing 2nd base 2-6
Bottom of the 7th over - 0 runs, 1 hit, 0 errors, 0 left on base; Wilmington 0 - Rome 5
TOP OF THE 8TH
Wilmington Blue Rocks batting - Pitching for Rome Braves : RHP Rob Allen
Batting: RHB Ron Clements 0-0: Ball
1-0: Ground out U3 (Groundball, 34S, EV 81.9 MPH)
Pinch Hitting: LHB César Cantú 0-0: Ball
1-0: Ball
2-0: Called Strike
2-1: SINGLE (Groundball, 6MD, EV 94.4 MPH)
Batting: LHB Jeff Yoder 0-0: Called Strike
0-1: DOUBLE (Flyball, 8LD, EV 91.9 MPH)
César Cantú to third
Batting: SHB Mike McNeil 0-0: Called Strike
0-1: Ball
1-1: Ball
2-1: Called Strike
2-2: Ball
3-2: Strikes out swinging
Pinch Hitting: SHB Doug Stevens 0-0: Ball
1-0: Called Strike
1-1: Ball
2-1: Ball
3-1: Foul Ball, location: 2F
3-2: Base on Balls
Pitching: RHP Chris Byers
Pinch Hitting: RHB Robinson Flores 0-0: Ball
1-0: Swinging Strike
1-1: Swinging Strike
1-2: Fly out, F9 (Flyball, 9S, EV 93.1 MPH)
Top of the 8th over - 0 runs, 2 hits, 0 errors, 3 left on base; Wilmington 0 - Rome 5
BOTTOM OF THE 8TH
Rome Braves batting - Pitching for Wilmington Blue Rocks : RHP Joe Durberville
Now at 1B: César Cantú
Now at 2B: António Rodríguez
Now at SS: Ron Clements
Now in CF: Assunção Contreras
Now in RF: Robinson Flores
Batting: LHB José Sullivan 0-0: Called Strike
0-1: Foul Ball, location: 2F
0-2: SINGLE (Groundball, 56D, EV 108.8 MPH)
Batting: LHB Jeff Cantrell 0-0: Foul Ball, location: 2F
0-1: Called Strike
José Sullivan steals 2nd base
0-2: Fly out, F5 (Popup, 56S, EV 68.1 MPH)
Batting: RHB Víctor Morales 0-0: Called Strike
0-1: Ball
1-1: Ball
2-1: Ground out 4-3 (Groundball, 4, EV 85.6 MPH)
José Sullivan to third
Batting: RHB Jorge Lugo 0-0: Ball
1-0: SINGLE (Flyball, 8LS, EV 88.8 MPH)
José Sullivan scores
Batting: RHB Pete Saunders 0-0: Ball
1-0: Ball
Jorge Lugo steals 2nd base (no throw)
2-0: Called Strike
2-1: Fly out, F9 (Flyball, 9D, EV 107.5 MPH)
Bottom of the 8th over - 1 run, 2 hits, 0 errors, 1 left on base; Wilmington 0 - Rome 6
TOP OF THE 9TH
Wilmington Blue Rocks batting - Pitching for Rome Braves : RHP Chris Byers
Batting: RHB Honório Barracho 0-0: Ball
1-0: Ball
2-0: Called Strike
2-1: Foul Ball, location: 7LMF
2-2: Foul Ball, location: 9LDF
2-2: Ball
3-2: Foul Ball, location: 9LSF
3-2: Foul Ball, location: 9LDF
3-2: Foul Ball, location: 2F
3-2: Strikes out swinging
Batting: RHB Assunção Contreras 0-0: Ball
1-0: SINGLE (Groundball, 6, EV 100.0 MPH) (infield hit)
Batting: LHB Dave Lewis 0-0: Ball
1-0: Called Strike
1-1: Swinging Strike
1-2: Strikes out swinging
Batting: RHB Ron Clements 0-0: Called Strike
0-1: Ball
1-1: Foul Ball, location: 2F
1-2: Ball
2-2: Ball
3-2: Base on Balls
Assunção Contreras to second
Batting: LHB César Cantú 0-0: Ball
1-0: Ball
2-0: Fly out, F8 (Flyball, 78M, EV 94.4 MPH)
Top of the 9th over - 0 runs, 1 hit, 0 errors, 2 left on base; Wilmington 0 - Rome 6
Monday, April 1st , 2024 - OOTP Baseball 24.10 Build 82